PBL
TROIS-RIVERES AIGLES @ WINDY CITY THUNDERBOLTS
07/06/2048
 
TOP OF THE 1ST
Trois-Riveres Aigles batting - Pitching for Windy City ThunderBolts : RHP Julio Plazas
Pitching: RHP Julio Plazas
Batting: RHB Luis Jara 0-0: Ball
1-0: Bunt for hit to 13 - play at first, batter OUT! 1-3
Batting: RHB Micah Logan 0-0: Foul Ball, location: 2F
0-1: Swinging Strike
0-2: Ball
1-2: Strikes out swinging
Batting: SHB Derek Weaver 0-0: Called Strike
0-1: Ball
1-1: Swinging Strike
1-2: Ball
2-2: Foul Ball, location: 2F
2-2: Strikes out swinging
Top of the 1st over - 0 runs, 0 hits, 0 errors, 0 left on base; Trois-Riveres 0 - Windy City 0
BOTTOM OF THE 1ST
Windy City ThunderBolts batting - Pitching for Trois-Riveres Aigles : RHP Jesus Espinosa
Pitching: RHP Jesus Espinosa
Batting: RHB Joe Thomas 0-0: SOLO HOME RUN (Flyball, 78XD, EV 100.6 MPH), Distance : 407 ft
Batting: RHB Eddie Dimas 0-0: Fly out, F3 (Line Drive, 3, EV 69.4 MPH)
Batting: RHB Ricky Avila 0-0: Ball
1-0: Fly out, F5 (Line Drive, 5, EV 70.6 MPH)
Batting: RHB Paul Holland 0-0: Swinging Strike
0-1: SINGLE (Groundball, 13S, EV 61.9 MPH) (infield hit)
Batting: RHB Nhat Phong 0-0: Swinging Strike
0-1: Ball
1-1: SINGLE (Groundball, 6D, EV 104.4 MPH)
Paul Holland to second
Batting: RHB Miguel Pacheco 0-0: Called Strike
0-1: Swinging Strike
0-2: Strikes out swinging
Bottom of the 1st over - 1 run, 3 hits, 0 errors, 2 left on base; Trois-Riveres 0 - Windy City 1
TOP OF THE 2ND
Trois-Riveres Aigles batting - Pitching for Windy City ThunderBolts : RHP Julio Plazas
Batting: RHB Sandoval Serzedelo 0-0: Called Strike
0-1: Ground out 4-3 (Groundball, 4MS, EV 84.4 MPH)
Batting: RHB Chris Davis 0-0: Ball
1-0: Called Strike
1-1: Swinging Strike
1-2: Strikes out swinging
Batting: RHB Tony Bonilla 0-0: Called Strike
0-1: Foul Ball, location: 2F
0-2: Ball
1-2: Foul Ball, location: 2F
1-2: Strikes out swinging
Top of the 2nd over - 0 runs, 0 hits, 0 errors, 0 left on base; Trois-Riveres 0 - Windy City 1
BOTTOM OF THE 2ND
Windy City ThunderBolts batting - Pitching for Trois-Riveres Aigles : RHP Jesus Espinosa
Batting: RHB Dave Dominguez 0-0: Fly out, F7 (Flyball, 7S, EV 86.2 MPH)
Batting: RHB Klaus Brown 0-0: Swinging Strike
0-1: Fly out, F6 (Popup, 4MD, EV 48.1 MPH)
Batting: RHB Sim Damit 0-0: Ground out 4-3 (Groundball, 34, EV 104.4 MPH)
Bottom of the 2nd over - 0 runs, 0 hits, 0 errors, 0 left on base; Trois-Riveres 0 - Windy City 1
TOP OF THE 3RD
Trois-Riveres Aigles batting - Pitching for Windy City ThunderBolts : RHP Julio Plazas
Batting: RHB Alistair Holmes 0-0: Fly out, F8 (Flyball, 78M, EV 86.2 MPH)
Batting: RHB George Connell 0-0: Ball
1-0: Swinging Strike
1-1: Ball
2-1: Foul Ball, location: 2F
2-2: Ball
3-2: Strikes out swinging
Batting: RHB Ben Saxton 0-0: Ball
1-0: Ball
2-0: SOLO HOME RUN (Line Drive, 78XD, EV 109.4 MPH), Distance : 416 ft
Batting: RHB Luis Jara 0-0: Ball
1-0: Ball
2-0: Foul Ball, location: 2F
2-1: Called Strike
2-2: SINGLE (Groundball, P, EV 86.9 MPH) (infield hit)
Batting: RHB Micah Logan 0-0: Ball
1-0: SINGLE (Flyball, 89S, EV 91.9 MPH)
Luis Jara to second
Runner from 2nd tries for 3rd, SAFE, throw by RF made to third
Batting: SHB Derek Weaver 0-0: Fly out, F9 (Flyball, 89D, EV 86.9 MPH)
Top of the 3rd over - 1 run, 3 hits, 0 errors, 2 left on base; Trois-Riveres 1 - Windy City 1
BOTTOM OF THE 3RD
Windy City ThunderBolts batting - Pitching for Trois-Riveres Aigles : RHP Jesus Espinosa
Batting: RHB Joe Thomas 0-0: Ball
1-0: Ball
2-0: Called Strike
2-1: Foul Ball, location: 2F
2-2: Ball
3-2: Base on Balls
Batting: RHB Eddie Dimas 0-0: Called Strike
0-1: Called Strike
Joe Thomas steals 2nd base
0-2: Fly out, F8 (Flyball, 8RM, EV 90.6 MPH)
Batting: RHB Ricky Avila 0-0: Ball
1-0: Ball
2-0: Ball
3-0: Called Strike
3-1: Fly out, F5 (Popup, 5S, EV 73.8 MPH)
Batting: RHB Paul Holland 0-0: Ball
1-0: Swinging Strike
1-1: Swinging Strike
1-2: Ground out U3 (Groundball, 34, EV 78.8 MPH)
Bottom of the 3rd over - 0 runs, 0 hits, 0 errors, 1 left on base; Trois-Riveres 1 - Windy City 1
TOP OF THE 4TH
Trois-Riveres Aigles batting - Pitching for Windy City ThunderBolts : RHP Julio Plazas
Batting: RHB Sandoval Serzedelo 0-0: Called Strike
0-1: Ball
1-1: Ball
2-1: Ground out U3 (Groundball, 13, EV 90.6 MPH)
Batting: RHB Chris Davis 0-0: Ball
1-0: Foul Ball, location: 2F
1-1: Ball
2-1: Ball
3-1: Called Strike
3-2: Strikes out swinging
Batting: RHB Tony Bonilla 0-0: Ground out 6-3 (Groundball, 6, EV 88.1 MPH)
Top of the 4th over - 0 runs, 0 hits, 0 errors, 0 left on base; Trois-Riveres 1 - Windy City 1
BOTTOM OF THE 4TH
Windy City ThunderBolts batting - Pitching for Trois-Riveres Aigles : RHP Jesus Espinosa
Batting: RHB Nhat Phong 0-0: Called Strike
0-1: Swinging Strike
0-2: Strikes out swinging
Batting: RHB Miguel Pacheco 0-0: Swinging Strike
0-1: Ball
1-1: Ball
2-1: Fly out, F8 (Flyball, 8LD, EV 98.1 MPH)
Batting: RHB Dave Dominguez 0-0: Called Strike
0-1: Ball
1-1: Swinging Strike
1-2: Ground out U3 (Groundball, 34S, EV 89.4 MPH)
Bottom of the 4th over - 0 runs, 0 hits, 0 errors, 0 left on base; Trois-Riveres 1 - Windy City 1
TOP OF THE 5TH
Trois-Riveres Aigles batting - Pitching for Windy City ThunderBolts : RHP Julio Plazas
Batting: RHB Alistair Holmes 0-0: Ball
1-0: Foul Ball, location: 2F
1-1: Ground out 4-3 (Groundball, 4MS, EV 83.8 MPH)
Batting: RHB George Connell 0-0: Called Strike
0-1: Ball
1-1: Ball
2-1: Ball
3-1: SINGLE (Line Drive, 4MD, EV 103.1 MPH)
Batting: RHB Ben Saxton 0-0: Ball
1-0: Foul Ball, location: 2F
1-1: Ball
2-1: SINGLE (Flyball, 7S, EV 92.5 MPH)
George Connell to second
Batting: RHB Luis Jara 0-0: Called Strike
0-1: Ball
1-1: SINGLE (Flyball, 3D, EV 94.4 MPH)
George Connell to third
Ben Saxton to second
Batting: RHB Micah Logan 0-0: Ball
1-0: SINGLE (Groundball, 56, EV 103.1 MPH)
George Connell scores
Ben Saxton to third
Luis Jara to second
Runner from 3rd tries for Home, SAFE, throw by LF to home
Batting: SHB Derek Weaver 0-0: Ball
Luis Jara is caught stealing 3rd base 2-5
Micah Logan to second
1-0: Foul Ball, location: 2F
1-1: Swinging Strike
1-2: Ball
2-2: 2-RUN HOME RUN (Flyball, 9D, EV 99.4 MPH), Distance : 385 ft
Batting: RHB Sandoval Serzedelo 0-0: Ball
1-0: Ball
2-0: Ball
3-0: Called Strike
3-1: Swinging Strike
3-2: Ground out 1-3 (Groundball, 34S, EV 75.6 MPH)
Top of the 5th over - 4 runs, 5 hits, 0 errors, 0 left on base; Trois-Riveres 5 - Windy City 1
BOTTOM OF THE 5TH
Windy City ThunderBolts batting - Pitching for Trois-Riveres Aigles : RHP Jesus Espinosa
Batting: RHB Klaus Brown 0-0: Called Strike
0-1: Foul Ball, location: 2F
0-2: Strikes out swinging
Batting: RHB Sim Damit 0-0: Called Strike
0-1: Foul Ball, location: 2F
0-2: Ground out 3-1 (Groundball, 34, EV 85.6 MPH)
Batting: RHB Joe Thomas 0-0: Ball
1-0: Swinging Strike
1-1: Ground out 6-3 (Groundball, 6MS, EV 64.4 MPH)
Bottom of the 5th over - 0 runs, 0 hits, 0 errors, 0 left on base; Trois-Riveres 5 - Windy City 1
TOP OF THE 6TH
Trois-Riveres Aigles batting - Pitching for Windy City ThunderBolts : RHP Julio Plazas
Batting: RHB Chris Davis 0-0: Ball
1-0: Called Strike
1-1: Called Strike
1-2: Strikes out swinging
Batting: RHB Tony Bonilla 0-0: Called Strike
0-1: Foul Ball, location: 2F
0-2: Ball
1-2: Ball
2-2: Ball
3-2: SINGLE (Groundball, 15S, EV 68.1 MPH) (infield hit)
Pinch Runner at 1st Ian Cranton:
Batting: RHB Alistair Holmes 0-0: Ball
1-0: Swinging Strike
1-1: Foul Ball, location: 2F
1-2: Strikes out swinging
Batting: RHB George Connell 0-0: Foul Ball, location: 2F
0-1: Ball
1-1: Foul Ball, location: 2F
1-2: Strikes out swinging
Top of the 6th over - 0 runs, 1 hit, 0 errors, 1 left on base; Trois-Riveres 5 - Windy City 1
BOTTOM OF THE 6TH
Windy City ThunderBolts batting - Pitching for Trois-Riveres Aigles : RHP Jesus Espinosa
Now at 1B: Ian Cranton
Batting: RHB Eddie Dimas 0-0: Called Strike
0-1: Ball
1-1: Ball
2-1: Swinging Strike
2-2: Ground out 3-1 (Groundball, 34, EV 103.1 MPH)
Batting: RHB Ricky Avila 0-0: Called Strike
0-1: Ball
1-1: Ball
2-1: Ground out 6-3 (Groundball, 6, EV 105.6 MPH)
Batting: RHB Paul Holland 0-0: Foul Ball, location: 2F
0-1: Foul Ball, location: 2F
0-2: Strikes out swinging
Bottom of the 6th over - 0 runs, 0 hits, 0 errors, 0 left on base; Trois-Riveres 5 - Windy City 1
TOP OF THE 7TH
Trois-Riveres Aigles batting - Pitching for Windy City ThunderBolts : RHP Julio Plazas
Pitching: LHP Tony Jaime
Batting: RHB Ben Saxton 0-0: Fly out, F3 (Popup, 3F, EV 71.9 MPH)
Batting: RHB Luis Jara 0-0: Fly out, F8 (Flyball, 8RD, EV 95.0 MPH)
Batting: RHB Micah Logan 0-0: Called Strike
0-1: Foul Ball, location: 2F
0-2: Strikes out looking
Top of the 7th over - 0 runs, 0 hits, 0 errors, 0 left on base; Trois-Riveres 5 - Windy City 1
BOTTOM OF THE 7TH
Windy City ThunderBolts batting - Pitching for Trois-Riveres Aigles : RHP Jesus Espinosa
Batting: RHB Nhat Phong 0-0: Ground out 5-3 (Groundball, 56, EV 105.6 MPH)
Batting: RHB Miguel Pacheco 0-0: Ball
1-0: Ball
2-0: Ball
3-0: Called Strike
3-1: Swinging Strike
3-2: Base on Balls
Batting: RHB Dave Dominguez 0-0: Ball
1-0: Ball
2-0: Foul Ball, location: 2F
2-1: Called Strike
2-2: Strikes out swinging
Batting: RHB Klaus Brown 0-0: Swinging Strike
0-1: Swinging Strike
0-2: SINGLE (Groundball, 56D, EV 98.1 MPH)
Miguel Pacheco to second
Batting: RHB Sim Damit 0-0: Ball
1-0: Ball
2-0: Foul Ball, location: 2F
2-1: Foul Ball, location: 2F
2-2: Fly out, F8 (Flyball, 8LD, EV 100.0 MPH)
Bottom of the 7th over - 0 runs, 1 hit, 0 errors, 2 left on base; Trois-Riveres 5 - Windy City 1
TOP OF THE 8TH
Trois-Riveres Aigles batting - Pitching for Windy City ThunderBolts : LHP Tony Jaime
Batting: SHB Derek Weaver 0-0: Called Strike
0-1: Swinging Strike
0-2: Strikes out looking
Batting: RHB Sandoval Serzedelo 0-0: Called Strike
0-1: Ground out 3-1 (Groundball, 34, EV 91.9 MPH)
Batting: RHB Chris Davis 0-0: Ball
1-0: Ball
2-0: Called Strike
2-1: Ground out 6-3 (Groundball, 6, EV 85.0 MPH)
Top of the 8th over - 0 runs, 0 hits, 0 errors, 0 left on base; Trois-Riveres 5 - Windy City 1
BOTTOM OF THE 8TH
Windy City ThunderBolts batting - Pitching for Trois-Riveres Aigles : RHP Jesus Espinosa
Batting: RHB Joe Thomas 0-0: Called Strike
0-1: Called Strike
0-2: Ball
1-2: SOLO HOME RUN (Flyball, 9D, EV 95.0 MPH), Distance : 369 ft
Batting: RHB Eddie Dimas 0-0: Ground out 5-3 (Groundball, 56, EV 101.9 MPH)
Batting: RHB Ricky Avila 0-0: Ball
1-0: SINGLE (Groundball, 56D, EV 110.6 MPH)
Batting: RHB Donovan Deason 0-0: Called Strike
0-1: Foul Ball, location: 2F
0-2: Ball
1-2: Foul Ball, location: 2F
1-2: Ball
2-2: Ball
3-2: Base on Balls
Ricky Avila to second
Batting: RHB Nhat Phong 0-0: Called Strike
0-1: Ball
1-1: Called Strike
1-2: DOUBLE (Flyball, 8LXD, EV 106.9 MPH)
Ricky Avila scores
Donovan Deason to third
Batting: RHB Miguel Pacheco 0-0: Ball
1-0: Called Strike
1-1: Called Strike
1-2: Ball
2-2: TRIPLE (Flyball, 78XD, EV 94.4 MPH)
Donovan Deason scores
Nhat Phong scores
Batting: RHB Dave Dominguez 0-0: Intentional Walk
Pitching: RHP Steve Rennecker
Batting: RHB Klaus Brown 0-0: Ball
1-0: Foul Ball, location: 2F
1-1: Ball
2-1: Ball
3-1: Base on Balls
Dave Dominguez to second
Batting: RHB Sim Damit 0-0: Ball
1-0: Called Strike
1-1: Foul Ball, location: 2F
1-2: Strikes out swinging
Batting: RHB Joe Thomas 0-0: Ball
1-0: Ball
2-0: Ball
3-0: Called Strike
3-1: Fielders Choice at 2nd, 6-4 (Groundball, 6, EV 78.1 MPH)
Bottom of the 8th over - 4 runs, 4 hits, 0 errors, 3 left on base; Trois-Riveres 5 - Windy City 5
TOP OF THE 9TH
Trois-Riveres Aigles batting - Pitching for Windy City ThunderBolts : LHP Tony Jaime
Batting: LHB Ian Cranton 0-0: Ball
1-0: Foul Ball, location: 2F
1-1: SINGLE (Groundball, 6D, EV 99.4 MPH)
Pinch Hitting: RHB Toshikatsu Omori 0-0: Fielders Choice at 2nd, 6-4 (Groundball, 56, EV 90.6 MPH)
Batting: SHB Dan Trainer 0-0: Ball
1-0: Foul Ball, location: 2F
1-1: Grounds into double play, 4-6-3 (Groundball, 4, EV 98.8 MPH)
Top of the 9th over - 0 runs, 1 hit, 0 errors, 0 left on base; Trois-Riveres 5 - Windy City 5
BOTTOM OF THE 9TH
Windy City ThunderBolts batting - Pitching for Trois-Riveres Aigles : RHP Steve Rennecker
Pitching: RHP Mo Vaughan
Now in RF: Gilbert Hoareau
Batting: RHB Eddie Dimas 0-0: Called Strike
0-1: Swinging Strike
0-2: Ball
1-2: Ball
2-2: Foul Ball, location: 2F
2-2: Foul Ball, location: 2F
2-2: Strikes out swinging
Batting: RHB Ricky Avila 0-0: Fly out, F9 (Flyball, 9LM, EV 106.9 MPH)
Batting: RHB Donovan Deason 0-0: Called Strike
0-1: Ball
1-1: Ball
2-1: Foul Ball, location: 2F
2-2: Ball
3-2: Base on Balls
Batting: RHB Nhat Phong 0-0: Ball
1-0: Called Strike
1-1: Foul Ball, location: 2F
1-2: SINGLE (Groundball, 6D, EV 100.0 MPH)
Donovan Deason to second
Batting: RHB Miguel Pacheco 0-0: SINGLE (Flyball, 5D, EV 81.9 MPH)
Donovan Deason to third
Nhat Phong to second
Batting: RHB Dave Dominguez 0-0: Foul Ball, location: 2F
0-1: Swinging Strike
0-2: Strikes out swinging
Bottom of the 9th over - 0 runs, 2 hits, 0 errors, 3 left on base; Trois-Riveres 5 - Windy City 5
TOP OF THE 10TH
Trois-Riveres Aigles batting - Pitching for Windy City ThunderBolts : LHP Tony Jaime
Pitching: LHP Dave Fairn
Pinch Hitting: RHB Danny Mota 0-0: Ball
1-0: Called Strike
1-1: Foul Ball, location: 2F
1-2: Ball
2-2: Fly out, F7 (Flyball, 78M, EV 96.9 MPH)
Pinch Hitting: RHB Gabe Wilcoxon 0-0: Swinging Strike
0-1: Foul Ball, location: 2F
0-2: Ball
1-2: Fly out, F5 (Line Drive, 56, EV 68.1 MPH)
Pinch Hitting: RHB Joel Wittmier 0-0: Ball
1-0: Ball
2-0: Called Strike
2-1: SINGLE (Groundball, 6MS, EV 70.6 MPH) (infield hit)
Pinch Hitting: RHB Roy Johnson 0-0: Foul Ball, location: 2F
0-1: Ball
1-1: Ball
2-1: Foul Ball, location: 2F
2-2: Ball
3-2: Foul Ball, location: 2F
3-2: Strikes out swinging
Top of the 10th over - 0 runs, 1 hit, 0 errors, 1 left on base; Trois-Riveres 5 - Windy City 5
BOTTOM OF THE 10TH
Windy City ThunderBolts batting - Pitching for Trois-Riveres Aigles : RHP Mo Vaughan
Pitching: LHP Joel Brown
Now at 3B: Jeff Standridge
Now at SS: Willie Acevedo
Now in LF: Carlos Ruelas
Now in CF: Gilbert Hoareau
Now in RF: Gabe Wilcoxon
Pinch Hitting: RHB Camillo Bonauiti 0-0: Foul Ball, location: 2F
0-1: Foul Ball, location: 2F
0-2: Ball
1-2: Strikes out looking
Batting: RHB Sim Damit 0-0: Called Strike
0-1: Called Strike
0-2: Strikes out swinging
Batting: RHB Joe Thomas 0-0: Ball
1-0: Ball
2-0: Swinging Strike
2-1: Ball
3-1: Base on Balls
Batting: RHB Eddie Dimas 0-0: Ball
1-0: Ball
2-0: Ball
3-0: Called Strike
3-1: Base on Balls
Joe Thomas to second
Batting: RHB Ricky Avila 0-0: Foul Ball, location: 2F
0-1: Foul Ball, location: 2F
0-2: Ball
1-2: Ball
2-2: Strikes out swinging
Bottom of the 10th over - 0 runs, 0 hits, 0 errors, 2 left on base; Trois-Riveres 5 - Windy City 5
TOP OF THE 11TH
Trois-Riveres Aigles batting - Pitching for Windy City ThunderBolts : LHP Dave Fairn
Now at C: Camillo Bonauiti
Batting: RHB Sandoval Serzedelo 0-0: Swinging Strike
0-1: Called Strike
0-2: Foul Ball, location: 2F
0-2: Ball
1-2: Strikes out swinging
Pinch Hitting: LHB Jonathan Watt 0-0: Ball
1-0: Called Strike
1-1: Foul Ball, location: 2F
1-2: Strikes out swinging
Pitching: LHP William Garcia
Batting: LHB Ian Cranton 0-0: Ball
1-0: Fly out, F7 (Line Drive, 7, EV 89.4 MPH)
Top of the 11th over - 0 runs, 0 hits, 0 errors, 0 left on base; Trois-Riveres 5 - Windy City 5
BOTTOM OF THE 11TH
Windy City ThunderBolts batting - Pitching for Trois-Riveres Aigles : LHP Joel Brown
Now at C: Christopher Arnett
Batting: RHB Donovan Deason 0-0: Ball
1-0: Called Strike
1-1: SINGLE (Line Drive, 78M, EV 105.6 MPH)
Batting: RHB Nhat Phong 0-0: Ball
1-0: Called Strike
1-1: Ball
2-1: Foul Ball, location: 2F
2-2: Ball
3-2: DOUBLE (Groundball, 5L, EV 102.5 MPH)
Donovan Deason to third
Batting: RHB Miguel Pacheco 0-0: Ball
1-0: Swinging Strike
1-1: Called Strike
1-2: Foul Ball, location: 2F
1-2: Strikes out looking
Batting: RHB Dave Dominguez 0-0: Fly out, F9 (Line Drive, 9S, EV 96.9 MPH)
Batting: RHB Camillo Bonauiti 0-0: Intentional Walk
Batting: RHB Sim Damit 0-0: Ball
1-0: Called Strike
1-1: Ball
2-1: Ball
3-1: Base on Balls
Donovan Deason scores
Nhat Phong to third
Camillo Bonauiti to second
Bottom of the 11th over - 1 run, 2 hits, 0 errors, 3 left on base; Trois-Riveres 5 - Windy City 6
Tuesday, March 28th , 2023 - OOTP Baseball 23.10 Build 110